 Dungeon Crawl Stone Soup version 0.28-a0-773-g130ae17fe5 (webtiles) character file.

Game seed: 4014362320080727030

315 ders the Distorting Demonspawn (level 6, -1/48 HPs)
             Began as a Demonspawn Abyssal Knight on Nov 1, 2021.
             Was a Believer of Lugonu.
             Slain by a sky beast (5 damage)
             ... on level 4 of the Dungeon.
             The game lasted 00:10:26 (3918 turns).

ders the Distorting Demonspawn (DsAK)               Turns: 3918, Time: 00:10:27

Health: -1/48      AC:  3    Str: 16    XL:     6   Next: 20%
Magic:  0/9        EV: 11    Int: 11    God:    Lugonu [**....]
Gold:   143        SH:  0    Dex: 13    Spells: 7/7 levels left

rFire   . . .      SeeInvis .   e - +2 dagger (freeze)
rCold   . . .      Faith    .   (no shield)
rNeg    . . .      Spirit   +   b - +0 leather armour
rPois   .          Reflect  .   (helmet restricted)
rElec   .          Harm     .   (no cloak)
rCorr   .          Rampage  .   (no gloves)
Will    .....                   (no boots)
Stlth   +.........              m - amulet of guardian spirit
HPRegen 0.16/turn               (no ring)
MPRegen 0.22/turn               (no ring)

@: no status effects
A: antennae 1, powered by death 1, magic regeneration
a: Renounce Religion, Depart the Abyss, Bend Space


You were on level 4 of the Dungeon.
You worshipped Lugonu.
Lugonu was pleased with you.
You visited 1 branch of the dungeon, and saw 4 of its levels.
You visited the Abyss 1 time.

You collected 143 gold pieces.

Inventory:

Hand Weapons
 a - a +1 spear
 e - a +2 dagger of freezing (weapon)
Armour
 b - a +0 leather armour (worn)
 k - a scarf of harm
Magical Staves
 h - a staff of cold
Jewellery
 m - an amulet of guardian spirit (around neck)
Wands
 n - a wand of polymorph (9)
Scrolls
 c - a scroll of noise {unknown}
 f - 3 scrolls of identify {unknown}
 g - 2 scrolls of magic mapping {unknown}
 i - a scroll of immolation {unknown}
 o - a scroll of torment {unknown}
Potions
 d - a potion of might {unknown}
 j - 2 potions of flight {unknown}
 l - a potion of curing {unknown}


   Skills:
 * Level 4.3 Fighting
 * Level 2.2 Short Blades
 - Level 2.2 Polearms
 - Level 1.8 Armour
 - Level 1.0 Dodging
 + Level 1.2 Spellcasting
 + Level 1.5 Conjurations
 + Level 1.4 Hexes
 * Level 4.6 Invocations


You had 7 spell levels left.
You didn't know any spells.
Your spell library contained the following spells:

 Spells                   Type           Power      Damage    Failure   Level
 Tukima's Dance           Hex            3%         N/A       54%         3
 Fulminant Prism          Conj/Hex       1%         3d6       91%         4
 Iskenderun's Mystic Bla  Conj/Tloc      2%         2d3       96%         4
 Passage of Golubria      Tloc           0%         N/A       98%         4
 Lee's Rapid Deconstruct  Erth           0%         3d5*      100%        5
 Yara's Violent Unravell  Hex/Tmut       1%         3d3       100%        5


Dungeon Overview and Level Annotations

Branches:
Dungeon (4/15)
 Temple: D:4-7

Altars:
Gozag
Sif Muna

Shops:
D:1 *


Innate Abilities, Weirdness & Mutations

You have a pair of small antennae on your head.
You regenerate a little health from kills.
You regenerate magic rapidly.


Message History

You hit the sky beast. You freeze the sky beast.
The sky beast is lightly wounded.
The sky beast hits you but does no damage.
You miss the sky beast.
The sky beast is lightly wounded.
The sky beast closely misses you.
You hit the sky beast. You freeze the sky beast.
The sky beast is moderately wounded.
You barely miss the sky beast.
The sky beast is moderately wounded.
The sky beast hits you. The sky beast shocks you.
You barely miss the sky beast.
The sky beast is moderately wounded.
The sky beast hits you. The sky beast shocks you.
You hit the sky beast but do no damage.
The sky beast is moderately wounded.
The sky beast barely misses you.
You hit the sky beast. You freeze the sky beast.
The sky beast is moderately wounded.
The sky beast hits you. The sky beast shocks you.
You hit the sky beast. You freeze the sky beast.
The sky beast is moderately wounded.
The sky beast hits you. The sky beast shocks you.
You closely miss the sky beast.
The sky beast is moderately wounded.
The sky beast flickers out of sight!
Deactivating autopickup; reactivate with Ctrl-A.
Something hits you. Something shocks you.
You closely miss something. Something hits you. Something shocks you.
* * * LOW HITPOINT WARNING * * *
You hit something but do no damage. You closely miss something.
Something hits you.
* * * LOW HITPOINT WARNING * * *
Something shocks you.
* * * LOW HITPOINT WARNING * * *
Space bends around you!
You blink.
Something hits you.
* * * LOW HITPOINT WARNING * * *
Something shocks you.
You die...

.........................#
....)....................#
.........................#
......##....##.....##...##
##############.....######
#.......# #.......#
#.......# #...@...+
#..{....# ##Z##..##
#.##### ##############..#
.......#.....'..#
######.#.#####..#
.#.....#.....#..#
.#.#########.#..#


You could see a centaur skeleton.

Vanquished Creatures
  A scorpion (D:4)
  3 hounds (D:4)
  An orc priest (D:4)
  2 orc wizards (D:4)
  A hound skeleton (D:4)
  2 adders (D:4)
  A worm (D:2)
  A dart slug (D:3)
  3 orcs (D:4)
  5 bats
  An endoplasm (D:3)
  3 giant cockroaches
  9 goblins
  4 hobgoblins
  5 kobolds
  A quokka (D:1)
  8 ball pythons
  2 frilled lizards (D:1)
  2 rats
55 creatures vanquished.

Notes
Turn   | Place    | Note
-------+----------+-------------------------------------------
     0 | Abyss:1  | ders the Demonspawn Abyssal Knight began the quest for the
                  | Orb.
     0 | Abyss:1  | Reached XP level 1. HP: 18/18 MP: 2/2
    35 | D:1      | Escaped the Abyss
    75 | D:1      | Reached skill level 1 in Dodging
   237 | D:1      | Gained mutation: You regenerate a little health from kills.
                  | [demonic ancestry]
   237 | D:1      | Reached XP level 2. HP: 15/24 MP: 4/4
   498 | D:1      | Reached ** piety under Lugonu
   738 | D:1      | Found Galain's Assorted Antiques.
   850 | D:2      | Found a faded altar of an unknown god.
   853 | D:2      | Gained mutation: You regenerate magic rapidly. [demonic
                  | ancestry]
   853 | D:2      | Reached XP level 3. HP: 29/29 MP: 5/5
  1775 | D:3      | Found an opulent altar of Gozag.
  2574 | D:4      | Reached skill level 1 in Short Blades
  2574 | D:4      | Reached XP level 4. HP: 17/37 MP: 6/6
  2958 | D:4      | Noticed a sky beast
  3101 | D:4      | Found a shimmering blue altar of Sif Muna.
  3256 | D:4      | Reached skill level 1 in Conjurations
  3256 | D:4      | Reached XP level 5. HP: 25/42 MP: 4/8
  3369 | D:4      | Reached skill level 1 in Hexes
  3397 | D:4      | Reached skill level 1 in Spellcasting
  3532 | D:4      | Gained mutation: You have a pair of small antennae on your
                  | head. [demonic ancestry]
  3532 | D:4      | Reached XP level 6. HP: 22/48 MP: 4/9
  3918 | D:4      | Slain by a sky beast

Illustrated notes

Levels and vault maps discovered:
D:1:      tarquinn_simple_flora_water_d, layout_rooms, serial_shops,
          nicolae_shop_behind_doors, ebering_dispersal_statue_hall
D:2:      layout_basic, hellmonk_ecumenical_altar_lost_god
D:3:      cheibrodos_helix_gallery, layout_basic, nicolae_gozag_seed_capital
D:4:      layout_gridville, mainiacjoe_overflow_small_starburst,
          roderic_serpentine_path

Skill      XL: |  1  2  3  4  5 |
---------------+----------------+-----
Dodging        | 1 |  1.0
Polearms       | 2 |  2.2
Invocations    | 3 4 |  4.6
Short Blades   | 1 2 |  2.2
Conjurations   | 1 |  1.5
Hexes          | 1 |  1.4
Fighting       | 4 |  4.3
Spellcasting   | 1 |  1.2
Armour         | |  1.8

Action                   |  1- 3 |  4- 6 || total
-------------------------+-------+-------++-------
Melee: Spear             |    56 |    10 ||    66
       Dagger            |    86 |   106 ||   192
Invok: Bend Space        |       |     3 ||     3
  Use: Potion            |       |     2 ||     2
 Stab: Sleeping          |     2 |       ||     2
Armor: Leather armour    |    26 |    26 ||    52
Dodge: Dodged            |    82 |    56 ||   138

Table legend: (Time is in decaauts)
 A = Elapsed time spent in this place.
 B = Non-inter-level travel time spent in this place.
 C = Inter-level travel time spent in this place.
 D = Time resting spent in this place.
 E = Time spent auto-exploring this place.
 F = Levels seen in this place.
 G = Mean time per level.
                   A        B        C        D        E       F      G
               +--------+--------+--------+--------+--------+-----+--------+
         Total |   3907 |   3736 |    171 |   1231 |   1902 |   5 |  781.4 |
       Dungeon |   3872 |   3701 |    171 |   1231 |   1901 |   4 |  968.0 |
         Abyss |     35 |     35 |      0 |      0 |      1 |   1 |   35.0 |
               +--------+--------+--------+--------+--------+-----+--------+

Top non-repeatable levels by time:
     D:4: 1498 daAuts
     D:3: 822 daAuts
     D:1: 814 daAuts
     D:2: 737 daAuts
 Abyss:1: 35 daAuts
